 Dungeon Crawl Stone Soup version 0.31-a0-193-gdfe2569204 (webtiles) character file.

Game seed: 15021944822443067136

30 qw the Shooter (level 3, -4/20 HPs)
             Began as a Deep Elf Hunter on June 24, 2023.
             Slain by a worm (9 damage)
             ... on level 1 of the Dungeon.
             The game lasted 00:00:16 (792 turns).

qw the Shooter (Deep Elf Hunter)                     Turns: 792, Time: 00:00:17

Health: -4/20      AC:  5    Str: 10    XL:     3   Next: 5%
Magic:  5/5        EV: 11    Int: 13    God:
Gold:   38         SH:  0    Dex: 18    Spells: 2/2 levels left

rFire   . . .        Y - +0 shortbow
rCold   . . .        (shield currently unavailable)
rNeg    . . .        g - +0 ring mail
rPois   .            (no helmet)
rElec   .            (no cloak)
rCorr   .            (no gloves)
SInv    .            (no boots)
Will    .....        (no amulet)
Stlth   +            (no ring)
HPRegen 0.23/turn    (no ring)
MPRegen 0.09/turn

%: no passive effects
@: no status effects
A: no striking features
a: no special abilities


You were on level 1 of the Dungeon.
You visited 1 branch of the dungeon, and saw 2 of its levels.

You collected 38 gold pieces.


   Skills:
 - Level 1.5 Fighting
 + Level 6.6 Ranged Weapons
 - Level 2.4 Dodging
 - Level 1.2 Stealth


You had 2 spell levels left.
You didn't know any spells.
Your spell library was empty.

Inventory:

Hand Weapons
 Y - a +0 shortbow (weapon)
Armour
 g - a +0 ring mail (worn)
Scrolls
 a - a scroll of identify
Potions
 d - a potion of heal wounds {unknown}
 f - a potion of might
 h - a potion of degeneration {unknown}
 i - a potion of invisibility {unknown}

Dungeon Overview and Level Annotations

Branches:
Dungeon (2/15)

Altars:

Annotations:
D:2 Sigmund


Message History

Sigmund is moderately wounded.
Sigmund barely misses you.
A rat comes into view.
You shoot an arrow. The arrow hits the ball python.
You kill the ball python!
Sigmund casts a spell at you. The magic dart hits you!
754 ||| STAIRDANCE The endoplasm barely misses you.
Sigmund barely misses you.
You climb upwards.
There is a stone staircase leading down here.
You shoot an arrow. The arrow hits the endoplasm.
You kill the endoplasm!
You start resting.
You feel a little less mighty now.
HP restored.
Done exploring.
(D) Dungeon
Where to? (* - list waypoints, Enter - D:2, ? - help)
What level of the Dungeon? (default 1, ? - help)
You climb downwards.
Level annotation: Sigmund The rat bites you but does no damage.
The hobgoblin hits you but does no damage.
The frilled lizard barely misses you. The hobgoblin hits you.
The rat misses you.
There is a stone staircase leading up, spattered with blood here.
789 ||| STAIRDANCE The rat barely misses you.
The hobgoblin hits you.
The frilled lizard bites you but does no damage.
You climb upwards.
There is a stone staircase leading down here.
You shoot an arrow.
The arrow hits the worm but does no damage.
The worm bites you! The rat bites you. The frilled lizard closely misses you.
You shoot an arrow. The arrow hits the worm!
The worm is moderately wounded.
The frilled lizard bites you but does no damage.
The rat closely misses you. The worm bites you!
You die...

#.# ######..###### #.#
#..###### #.#
####.......# #.#
#.###....... #.# #.#
######.. #.# #.#
######.. #.#
#.###.......
#w######.##.......#
#l@rg....##..######
########>##..#..###
#....##...<...#
#.######....... #.#
###..#.. #.# ######..
#.# ##....?.. #.#
#.......#
########.#####..######


You could see a worm, a hobgoblin, a frilled lizard and a rat.

Vanquished Creatures
  5 dart slugs (D:1)
  2 ball pythons
  2 endoplasms (D:1)
  A giant cockroach (D:1)
  2 jackals (D:1)
  A quokka (D:1)
  2 frilled lizards (D:1)
  A goblin (D:1)
  3 kobolds (D:1)
  A rat (D:1)
20 creatures vanquished.

Notes
Turn   | Place    | Note
-------+----------+-------------------------------------------
     0 | D:1      | qw the Deep Elf Hunter began the quest for the Orb.
     0 | D:1      | Reached XP level 1. HP: 12/12 MP: 3/3
     0 | D:1      | 0 ||| qw: Version: 0.3-a-9-g12657ce
     0 | D:1      | 0 ||| qw: Game counter: 4709
     0 | D:1      | 0 ||| qw: Always use a shield: true
     0 | D:1      | 0 ||| qw: God list: Okawaru
     0 | D:1      | 0 ||| qw: Allow faded altars: false
     0 | D:1      | 0 ||| qw: Do Orc after D:15 true
     0 | D:1      | 0 ||| qw: Do second Lair branch before Depths: true
     0 | D:1      | 0 ||| qw: Lair rune preference: random
     0 | D:1      | 0 ||| qw: Plans: Normal
     0 | D:1      | 0 ||| PLANNING D:1-11
    71 | D:1      | Found a faded altar of an unknown god.
   109 | D:1      | Reached XP level 2. HP: 16/16 MP: 4/4
   129 | D:1      | Reached skill level 6 in Ranged Weapons
   179 | D:1      | 179 ||| FLEEEEING.
   201 | D:1      | 201 ||| FLEEEEING.
   516 | D:1      | Reached XP level 3. HP: 17/20 MP: 5/5
   690 | D:1      | 690 ||| UPGRADING to +0 ring mail.
   700 | D:1      | 700 ||| DROPPING +0 leather armour.
   701 | D:1      | 701 ||| READING 2 scrolls labelled VIOPHI KUSIHU.
   702 | D:1      | 702 ||| DRINKING 2 bubbling emerald potions.
   703 | D:1      | 703 ||| DROPPING scroll of butterflies.
   751 | D:2      | Noticed Sigmund
   754 | D:2      | 754 ||| STAIRDANCE
   789 | D:2      | 789 ||| STAIRDANCE
   791 | D:1      | HP: 5/20 [rat (2)]
   792 | D:1      | Slain by a worm

Levels and vault maps discovered:
D:1:      minmay_arrival_wavy_path, layout_loops_ring,
          chequers_ecumenical_altar_twisty
D:2:      layout_rooms, minmay_tetromino_o4, uniq_sigmund, uniq_jessica

Skill      XL: |  1  2 |
---------------+-------+-----
Ranged Weapons | 6 |  6.6
Fighting       | |  1.5
Dodging        | |  2.4
Stealth        | |  1.2

Action                     || total
---------------------------++-------
   Fire: Shortbow          ||    44
    Use: Scroll            ||     1
         Potion            ||     1
 Armour: Ring mail         ||     4
  Dodge: Dodged            ||    11

Table legend:
 A = Non-vault XP
 B = Vault XP
 C = Vault XP percentage of total XP
 D = Non-vault monster count
 E = Vault monster count
 F = Vault count percentage of total count
                 A         B        C        D         E       F
            +---------+---------+-------+---------+---------+-------
      Total |      44 |       0 |   0.0 |      20 |       0 |   0.0
            +---------+---------+-------+---------+---------+-------
        D:1 |      43 |       0 |   0.0 |      19 |       0 |   0.0
        D:2 |       1 |       0 |   0.0 |       1 |       0 |   0.0
            +---------+---------+-------+---------+---------+-------
